 Dungeon Crawl Stone Soup version 0.14-a0-2091-gca92d1a (webtiles) character file.

151 Kae the Firebug (level 4, -6/24 HPs)
             Began as a Tengu Fire Elementalist on Jan 25, 2014.
             Killed from afar by an orc wizard (9 damage)
             ... with a puff of flame
             ... on Level 3 of the Dungeon.
             The game lasted 00:02:55 (2168 turns).

Kae the Firebug (Tengu Fire Elementalist)           Turns: 2168, Time: 00:02:55

HP  -6/24        AC  2     Str  8      XL: 4   Next: 44%
MP   4/9         EV 12     Int 17      God:
Gold 68          SH  0     Dex 14      Spells:  3 memorised,  2 levels left

rFire  . . .     SeeInvis +     h - +3 whip
rCold  . . .     Clarity  .     a - +0 robe
rNeg   . . .     Conserve .     (no shield)
rPois  .         rCorr    .     (helmet restricted)
rElec  .         rRot     .     (no cloak)
SustAb . .       Spirit   .     (no gloves)
rMut   .         Warding  .     (boots unavailable)
Saprov . . .     Stasis   .     (no amulet)
MR     .....                    (no ring)
                                l - ring of see invisible

@: mildly poisoned, not resistant to hostile enchantments, fairly stealthy
A: beak, talons 3
a: no special abilities


You were on level 3 of the Dungeon.
You were not hungry.

You visited 1 branch of the dungeon, and saw 3 of its levels.

You collected 68 gold pieces.

Inventory:

Hand weapons
 h - a +3,+3 whip (weapon)
Armour
 a - a +0 robe (worn)
Comestibles
 c - 2 bread rations
 f - 2 pears
 i - a choko
Scrolls
 d - a scroll of magic mapping
 g - a scroll of identify
Jewellery
 l - a ring of see invisible (left hand)
Potions
 e - a potion of speed {unknown}
Books
 b - a book of Flames

   Spells                             Type                      Level
   *Flame Tongue                      Conjuration/Fire             1
   *Throw Flame                       Conjuration/Fire             2
   *Conjure Flame                     Conjuration/Fire             3
   Inner Flame                        Hexes/Fire                   3
   Sticky Flame                       Conjuration/Fire             4
   Fireball                           Conjuration/Fire             5


   Skills:
 - Level 2.1 Dodging
 - Level 2.0 Stealth
 + Level 2.5 Spellcasting
 * Level 3.8 Conjurations
 * Level 4.1 Fire Magic


You had 2 spell levels left.
You knew the following spells:

 Your Spells              Type           Power        Failure   Level  Hunger
a - Flame Tongue          Conj/Fire      ###..        3%          1    #......
b - Throw Flame           Conj/Fire      ###...       6%          2    ##.....
c - Conjure Flame         Conj/Fire      ###.....     12%         3    ###....


Dungeon Overview and Level Annotations

Branches:
Dungeon (3/16)

Altars:


Innate Abilities, Weirdness & Mutations

You have a beak for a mouth.
You have claws for feet.


Message History

The flame hits the orc wizard.
The orc wizard is severely wounded.
The orc wizard misses you.
Casting: Flame Tongue
Confirm with . or Enter, or press ? or * to list all spells.
Aiming: Flame Tongue
Press: ? - help, Shift-Dir - straight line, f/p - orc wizard
Aim: an orc wizard, wielding an orcish falchion and wearing an orcish robe (severely wounded)
The flame hits the orc wizard.
The orc wizard appears unharmed.
The orc wizard is severely wounded.
Casting: Flame Tongue
Confirm with . or Enter, or press ? or * to list all spells.
Aiming: Flame Tongue
Press: ? - help, Shift-Dir - straight line, f/p - orc wizard
Aim: an orc wizard, wielding an orcish falchion and wearing an orcish robe (severely wounded)
The flame hits the orc wizard.
The orc wizard appears unharmed.
The orc wizard is severely wounded.
The orc wizard casts a spell at you. The puff of flame hits you!
You die...

#......#####.........
#......# #.........
#......# #.........
#......# #.........
####.### #.........
#.# #......... #.#
#......... #.#
########## #@#
#o################
#...%....o........
##################


You could see an orc wizard.

Vanquished Creatures
  A gnoll (D:1)
  3 adders
  A giant mite (D:1)
  A worm (D:2)
  A giant gecko (D:3)
  2 orcs (D:3)
  A giant cockroach (D:1)
  2 goblins (D:1)
  3 hobgoblins
  4 jackals (D:1)
  3 kobolds
  4 bats
  4 giant newts (D:1)
  5 rats (D:1)
35 creatures vanquished.

Notes
Turn   | Place    | Note
--------------------------------------------------------------
     0 | D:1      | Kae, the Tengu Fire Elementalist, began the quest for the Orb.
     0 | D:1      | Reached XP level 1. HP: 10/10 MP: 3/3
   343 | D:1      | Reached XP level 2. HP: 15/15 MP: 5/5
   561 | D:1      | Learned a level 2 spell: Throw Flame
   782 | D:1      | Reached XP level 3. HP: 11/19 MP: 0/7
  1558 | D:2      | Reached skill level 4 in Fire Magic
  1558 | D:2      | Reached XP level 4. HP: 24/24 MP: 1/9
  1832 | D:3      | Learned a level 3 spell: Conjure Flame
  2168 | D:3      | Killed from afar by an orc wizard

Action                   |  1- 3 |  4- 6 || total
-------------------------+-------+-------++-------
Melee: Unarmed           |    12 |       ||    12
       Whip              |    17 |       ||    17
 Cast: Flame Tongue      |    41 |    18 ||    59
  Use: Potion            |     1 |     1 ||     2
       Scroll            |       |     5 ||     5
